 Dungeon Crawl Stone Soup version 0.18-a0-1721-gc4d1f22 (webtiles) character file.

23982 Chiseanne the Destroyer (level 12, -5/100 HPs)
             Began as a Centaur Air Elementalist on Apr 9, 2016.
             Was an Initiate of Gozag.
             Shot with a bolt by an orc knight (22 damage)
             ... on level 1 of the Orcish Mines.
             The game lasted 02:36:11 (26034 turns).

Chiseanne the Destroyer (Centaur Air Elementalist) Turns: 26034, Time: 02:36:11

Health: -5/100     AC: 23    Str: 15    XL:     12   Next: 76%
Magic:  2/25       EV:  9    Int: 30    God:    Gozag
Gold:   620        SH:  2    Dex:  7    Spells: 5 memorised, 13 levels left

rFire  + . .     SeeInvis .     d - +1 mace (protect)
rCold  . . .     Gourm    .     Q - +0 leather armour "Gamn" {rF+ MR+}
rNeg   . . .     Faith    .     (no shield)
rPois  .         Spirit   .     Z - +0 helmet
rElec  .         Dismiss  .     f - +1 cloak
rCorr  .         Reflect  +     M - +0 pair of gloves {archery}
SustAt .         Harm     .     N - +4 centaur barding of Edaexek {Int+7 Dex-5}
MR     +....                    V - amulet of Morusm {Reflect Dex+3 SH+2}
Stlth  +.........               H - +5 ring of intelligence
                                S - ring of wizardry

@: very quick, somewhat resistant to hostile enchantments, very unstealthy
A: hooves 3, deformed body, speed 2, strong 1, tough skin 3
a: Potion Petition, Call Merchant, Bribe Branch, Renounce Religion


You were on level 1 of the Orcish Mines.
You worshipped Gozag.
Gozag was noncommittal.
You were not hungry.

You visited 3 branches of the dungeon, and saw 15 of its levels.
You also visited: Ossuary and Bailey.

You collected 3613 gold pieces.
You spent 1353 gold pieces at shops.
You paid 1640 gold pieces to Gozag.

Inventory:

Hand Weapons
 a - a +2 hand axe of electrocution
 d - a +1 mace of protection (weapon)
 e - a +1 arbalest of velocity
 s - a +2 short sword of venom
 T - a +1 scimitar of holy wrath
Missiles
 g - 24 arrows of flame
 h - 18 arrows of frost
 j - 14 tomahawks (quivered)
 k - 32 tomahawks of returning
 u - 113 arrows
 w - 19 bolts
 A - 8 poisoned tomahawks
 L - a throwing net
 O - 25 poisoned needles
 W - 23 sling bullets
Armour
 f - a +1 cloak (worn)
 x - a +2 robe of positive energy
 z - a +2 robe of cold resistance
 M - a +0 pair of gloves of archery (worn)
 N - the +4 centaur barding of Edaexek (worn) {Int+7 Dex-5}
   (You acquired it on level 8 of the Dungeon)

   It affects your intelligence (+7).
   It affects your dexterity (-5).
 Q - the +0 leather armour "Gamn" (worn) {rF+ MR+}
   (You found it in a bailey)

   It protects you from fire.
   It affects your resistance to hostile enchantments.
 Z - a +0 helmet (worn)
Jewellery
 p - an uncursed ring of ice
 t - an uncursed ring of positive energy {unknown}
 B - an uncursed amulet of faith {unknown}
 H - a +5 ring of intelligence (right hand)
 R - an uncursed ring of protection from fire
 S - a ring of wizardry (left hand)
 U - an uncursed ring of see invisible
 V - the amulet of Morusm (around neck) {Reflect Dex+3 SH+2}
   (You bought it in a shop on level 9 of the Dungeon)

   [amulet of reflection]

   It shields you and reflects attacks.
   It affects your dexterity (+3).
   It affects your SH (+2).
Wands
 G - a wand of digging (0/24)
Scrolls
 i - a scroll of amnesia
 y - 7 scrolls of remove curse
 D - 2 scrolls of teleportation
 P - a scroll of magic mapping
 X - 2 scrolls of immolation
Potions
 l - 3 potions of haste
 n - 2 potions of might
 o - 3 potions of degeneration {unknown}
 q - a potion of resistance {unknown}
 v - a potion of magic
 C - 2 potions of brilliance {unknown}
 E - a potion of cancellation
 F - a potion of cure mutation
 K - 4 potions of agility
Books
 b - a book of Air

   Spells                             Type                      Level
   a - Shock                          Conjuration/Air              1
   b - Swiftness                      Charms/Air                   2
   c - Repel Missiles                 Charms/Air                   2
   d - Static Discharge               Conjuration/Air              3
   e - Lightning Bolt                 Conjuration/Air              5
 r - a book of the Tempests

   Spells                             Type                      Level
   a - Static Discharge               Conjuration/Air              3
   b - Lightning Bolt                 Conjuration/Air              5
   c - Fireball                       Conjuration/Fire             5
   d - Tornado                        Air                          9
   e - Shatter                        Earth                        9
Comestibles
 c - 3 bread rations
 I - 6 meat rations


   Skills:
 - Level 7.2 Fighting
 - Level 2.1 Crossbows
 + Level 4.4 Armour
 * Level 8.7 Dodging
 - Level 1.2 Stealth
 * Level 9.0 Spellcasting
 * Level 10.6 Conjurations
 - Level 2.6 Air Magic


You had 13 spell levels left.
You knew the following spells:

 Your Spells              Type           Power        Failure   Level  Hunger
a - Shock                 Conj/Air       ####         1%          1    None
b - Fireball              Conj/Fire      #####.....   7%          5    ####...
c - Static Discharge      Conj/Air       ######..     1%          3    None
d - Lightning Bolt        Conj/Air       ######....   4%          5    ####...
e - Repel Missiles        Chrm/Air       ###...       1%          2    None


Dungeon Overview and Level Annotations

Branches:
Dungeon (13/15)            Temple (1/1) D:7            Lair (0/8) D:8
    Orc (1/2) D:9
 Vaults: D:13-14

Altars:
Ashenzari
Cheibriados
Dithmenos
Elyvilon
Fedhas
Gozag
Kikubaaqudgha
Makhleb
Nemelex Xobeh
Okawaru
Pakellas
Qazlal
Ru
Sif Muna
Trog
Vehumet
Xom
Yredelemnul
Zin
The Shining One

Shops:
D:7 [   D:9 =   D:10 ?   D:12 :}!   D:13 [*(

Annotations:
D:6 WereVolvo's ghost, novice DsAE
D:7 Erica
D:11 exclusion: obsidian statue
D:13 Kirke


Innate Abilities, Weirdness & Mutations

You have hooves in place of feet.
Armour fits poorly on your strangely shaped body.
You cover ground very quickly.
You have extremely tough skin (AC +3).
Your muscles are strong. (Str +2)


Message History

The orc knight hits you with an uncursed battleaxe!
You completely miss the orc knight.
The orc knight is almost dead.
You block the orc knight's attack.
You hit the orc knight but do no damage.
The orc knight is almost dead.
The orc knight hits you with an uncursed battleaxe!!
Found 12 gold pieces.
The orc knight unwields an uncursed battleaxe.
The orc knight wields an uncursed arbalest.
The orc knight shoots a bolt.
The bolt hits you!!
* * * LOW HITPOINT WARNING * * *
You see here a bolt.
Wield which item (- for none, * to show all)? (? for menu, Esc to quit)
Your +2 hand axe of electrocution stops crackling.
You feel protected!
d - a +1 mace of protection (weapon)
The orc knight shoots a bolt.
The bolt hits you!!
You die...
Your body crumbles into a pile of gold.

.....#.## $ ......##...###..
.............#.... ....$
.................. ....#
..........#.......###.... .
#.....>............#.#.. ..
..........#.#.........# ...
................##....# ....
.....#.......#..@#....#.....
........#...###...(..$......
............#.#....$$o......
.##................$.......>
####.##.##....#..(.$........$
# ########.##...#..........
#####.##..........
###.....$.$... #.......#...


You could see an orc knight.

Vanquished Creatures
  2 hydras
  Nergalle (D:12)
  A skeletal warrior (D:13)
  4 unseen horrors
  5 hill giants
  2 orc knights
  A cyclops (D:11)
  An orc sorcerer (Orc:1)
  2 manticores (D:12)
  Psyche (D:11)
  A troll (D:11)
  A merfolk (D:10)
  6 slime creatures (D:12)
  Prince Ribbit (D:5)
  A spriggan (D:10)
  Sigmund (D:3)
  A hog (D:13)
  12 yaks
  2 wyverns (D:10)
  Grum (D:9)
  A human (D:10)
  4 hippogriffs
  A hungry ghost (D:10)
  3 wargs
  2 vampire mosquitoes (D:12)
  A mottled dragon (D:12)
  2 water moccasins
  19 orc warriors
  6 ice beasts
  4 black bears
  2 necrophages
  A sky beast (D:8)
  6 ogres
  An eye of draining (D:12)
  4 wolves (D:9)
  3 centaurs
  3 phantoms
  An elf zombie (Ossuary)
  6 giant frogs
  Blork the orc (D:4)
  A big kobold (D:12)
  A wyvern skeleton (D:12)
  7 scorpions
  2 killer bees (D:13)
  An electric eel (D:11)
  4 howler monkeys
  4 crimson imps
  A giant frog zombie (D:9)
  4 jellies
  2 quasits
  A wasp zombie (D:8)
  6 hounds
  A human zombie (Ossuary)
  15 orc priests
  3 giant frog skeletons
  17 orc wizards
  4 centaur skeletons
  2 iguanas
  6 worker ants
  4 big kobold zombies (Ossuary)
  A hound zombie (D:7)
  2 hound skeletons
  3 mummies
  3 howler monkey zombies
  13 adders
  12 gnolls
  A howler monkey skeleton (D:7)
  2 shadow imps
  An ooze (D:1)
  2 adder zombies (D:9)
  7 worms
  7 dart slugs
  8 giant geckos
  66 orcs
  3 ball pythons
  4 giant cockroaches
  17 goblins
  10 hobgoblins
  13 jackals
  6 quokkas
  11 bats
  A giant gecko skeleton (D:4)
  7 giant newts
  A gnoll zombie (Ossuary)
  3 hobgoblin zombies (Ossuary)
  A jackal skeleton (D:6)
  30 kobolds
  4 orc zombies (Ossuary)
  3 quokka zombies
  10 rats
456 creatures vanquished.

Vanquished Creatures (others)
  A bush (D:7)
1 creature vanquished.

Grand Total: 457 creatures vanquished

Notes
Turn   | Place    | Note
--------------------------------------------------------------
     0 | D:1      | Chiseanne the Centaur Air Elementalist began the quest for the Orb.
     0 | D:1      | Reached XP level 1. HP: 14/14 MP: 3/3
    18 | D:1      | Reached skill level 1 in Conjurations
   399 | D:1      | Reached XP level 2. HP: 21/22 MP: 0/4
   724 | D:1      | Reached skill level 1 in Fighting
  1000 | D:1      | Reached XP level 3. HP: 28/28 MP: 3/5
  1005 | D:1      | Learned a level 2 spell: Repel Missiles
  1741 | D:1      | Learned a level 3 spell: Static Discharge
  1979 | D:2      | Reached XP level 4. HP: 35/35 MP: 7/7
  2269 | D:2      | Reached skill level 2 in Conjurations
  2569 | D:2      | Found a sparkling altar of Nemelex Xobeh.
  2984 | D:3      | Noticed Sigmund
  3138 | D:3      | Found a white marble altar of Elyvilon.
  3173 | D:3      | Reached XP level 5. HP: 41/41 MP: 8/8
  3404 | D:3      | Found a shattered altar of Ashenzari.
  3540 | D:3      | Found a sparkling altar of Nemelex Xobeh.
  3819 | D:3      | Found a basalt altar of Yredelemnul.
  4171 | D:3      | Killed Sigmund
  4171 | D:3      | Reached XP level 6. HP: 35/50 MP: 8/10
  4720 | D:4      | Reached skill level 3 in Conjurations
  5001 | D:4      | Reached XP level 7. HP: 27/57 MP: 10/12
  5785 | D:4      | Noticed Blork the orc
  5795 | D:4      | Killed Blork the orc
  5963 | D:4      | Reached skill level 4 in Conjurations
  6075 | D:5      | Entered Level 5 of the Dungeon
  6075 | D:5      | Found a bloodstained altar of Trog.
  6116 | D:5      | Reached XP level 8. HP: 47/67 MP: 13/13
  6248 | D:5      | Found a snail-covered altar of Cheibriados.
  6293 | D:5      | Noticed Prince Ribbit
  6315 | D:5      | Killed Prince Ribbit
  6493 | D:5      | Found a glowing silver altar of Zin.
  6496 | D:5      | Found a sand-covered staircase.
  6505 | Ossuary  | Entered an ossuary
  6788 | Ossuary  | Reached skill level 5 in Fighting
  7416 | D:5      | Reached skill level 5 in Conjurations
  7769 | D:5      | Found a bloodstained altar of Trog.
  7990 | D:5      | Found an opulent altar of Gozag.
  8010 | D:5      | Became a worshipper of Gozag Ym Sagoz the Greedy
  8089 | D:5      | Noticed a hill giant
  8572 | D:6      | Found a shimmering altar of Xom.
  8673 | D:6      | Reached XP level 9. HP: 65/75 MP: 16/16
  9444 | D:6      | Learned a level 5 spell: Lightning Bolt
  9451 | D:6      | Found a shadowy altar of Dithmenos.
  9508 | D:6      | Reached skill level 5 in Spellcasting
  9633 | D:6      | Found a bloodstained altar of Trog.
  9813 | D:6      | Reached skill level 6 in Conjurations
  9817 | D:6      | Noticed WereVolvo's ghost (novice DsAE)
  9910 | D:6      | Found a burning altar of Makhleb.
  9911 | D:6      | Found a radiant altar of Vehumet.
  9920 | D:6      | Reached skill level 5 in Dodging
 10608 | D:7      | Bought a +0 pair of gloves of archery for 149 gold pieces
 10940 | D:7      | Found a staircase to the Ecumenical Temple.
 11297 | D:7      | Found a blossoming altar of Fedhas.
 11539 | Temple   | Entered the Ecumenical Temple
 11667 | D:8      | Reached XP level 10. HP: 29/86 MP: 1/18
 11803 | D:8      | Found a flagged portal.
 11803 | D:8      | Noticed Erica
 12176 | Bailey   | Entered a bailey
 12183 | Bailey   | Noticed an orc warlord
 12441 | Bailey   | Found a runed gate.
 12442 | Bailey   | Found a runed gate.
 12447 | Bailey   | Found a runed gate.
 12672 | Bailey   | Got a dazzling leather armour
 12873 | D:8      | Identified a scroll of acquirement
 12874 | D:8      | Got a fine centaur barding
 12880 | D:8      | Identified the +4 centaur barding of Edaexek {Int+7 Dex-5} (You acquired it on level 8 of the Dungeon)
 12891 | D:8      | Identified the +0 leather armour "Gamn" {rF+ MR+} (You found it in a bailey)
 13078 | D:8      | Found a staircase to the Lair.
 13263 | D:8      | Reached skill level 1 in Crossbows
 13263 | D:8      | Reached skill level 7 in Conjurations
 13866 | D:8      | Found a bloodstained altar of Trog.
 14229 | D:9      | Reached skill level 1 in Armour
 14417 | D:9      | Noticed Grum
 14450 | D:9      | Killed Grum
 15383 | D:9      | Reached skill level 8 in Conjurations
 15515 | D:9      | Gained mutation: Your muscles are strong. (Str +2) [potion of beneficial mutation]
 15680 | D:9      | Bought a cursed ring of loudness for 49 gold pieces
 15680 | D:9      | Bought a cursed ring of teleportation for 49 gold pieces
 15843 | D:9      | Found a staircase to the Orcish Mines.
 15946 | D:9      | Reached XP level 11. HP: 92/92 MP: 21/21
 15973 | D:10     | Entered Level 10 of the Dungeon
 15994 | D:10     | Found a white marble altar of Elyvilon.
 16659 | D:10     | Found Zezxasum's Magic Scroll Shoppe.
 16749 | D:10     | Bought a scroll of immolation for 49 gold pieces
 16749 | D:10     | Bought a scroll of identify for 28 gold pieces
 16749 | D:10     | Bought a scroll of enchant weapon for 105 gold pieces
 16772 | D:10     | Noticed a hill giant
 16781 | D:10     | Killed a hill giant
 17113 | D:10     | Noticed a hill giant
 17123 | D:10     | Killed a hill giant
 17490 | D:10     | Noticed an eight-headed hydra
 17845 | D:10     | Killed an eight-headed hydra
 18326 | D:10     | Noticed a hill giant
 18334 | D:10     | Killed a hill giant
 18822 | D:11     | Killed an unseen horror
 18822 | D:11     | Reached skill level 9 in Conjurations
 18989 | D:11     | Killed an unseen horror
 19434 | D:11     | Found an oddly glowing altar of Pakellas.
 19633 | D:11     | Noticed an obsidian statue
 19837 | D:9      | Bought the amulet of Morusm {Reflect Dex+3 SH+2} for 421 gold pieces
 19935 | D:12     | Noticed Nergalle
 19943 | D:12     | Killed Nergalle
 20102 | D:12     | Noticed Psyche
 20131 | D:11     | Killed Psyche
 20290 | D:12     | Noticed a four-headed hydra
 20966 | D:12     | Found Doheadastra's Book Boutique.
 21059 | D:12     | Reached XP level 12. HP: 54/100 MP: 0/24
 21994 | D:12     | HP: 1/100 [barbs]
 22569 | D:12     | Found Qalustrawk's Distillery.
 22577 | D:12     | Bought a potion of magic for 136 gold pieces
 22577 | D:12     | Bought a potion of curing for 51 gold pieces
 22577 | D:12     | Bought a potion of agility for 68 gold pieces
 22577 | D:12     | Bought a potion of agility for 68 gold pieces
 22577 | D:12     | Bought a potion of agility for 68 gold pieces
 22597 | D:12     | Killed a four-headed hydra
 22718 | D:12     | Learned a level 5 spell: Fireball
 22760 | D:12     | Found Jaror's Gadget Shop.
 23080 | D:13     | Reached skill level 10 in Conjurations
 23364 | D:13     | Found a sparkling altar of Nemelex Xobeh.
 23368 | D:13     | Found Roadaczo's Weapon Shoppe.
 23890 | D:13     | Noticed Kirke
 23892 | D:13     | Noticed a centaur warrior
 23904 | D:13     | Found Huironin's General Store.
 23908 | D:13     | Bought a potion of cancellation for 112 gold pieces
 23916 | D:13     | Found Led Moismedy's Antique Armour Emporium.
 24305 | D:13     | HP: 5/150 [something (5)]
 24306 | D:13     | HP: 2/150 [/static electricity (3)]
 24865 | Orc:1    | Entered Level 1 of the Orcish Mines
 26034 | Orc:1    | Shot with a bolt by an orc knight

Vault maps used:
D:1:      dpeg_arrival_short_road, grunt_decor_mini_mirrors
D:2:      first_bread, minmay_statues_item, st_stairs_9, nemelex_deck
D:3:      kennysheep_ying_yang, old_standard_altar,
          nicolae_ashenzari_panopticon, uniq_sigmund
D:4:      minmay_misc_feat_pillars, grunt_ministairs_11, uniq_blork_the_orc
D:5:      kennysheep_big_flooded_room, nicolae_overflow_hidden_temple,
          slow_altar_1, grunt_gozag_statues, basic_altar, enter_ossuary_3,
          lemuel_tele_altar, uniq_prince_ribbit1
D:6:      lemuel_round_altar, lemuel_doored_altar,
          grunt_temple_overflow_lords_of_destruction, trog_hazing_becter
D:7:      fedhas_bush_and_centaur_altar, minmay_temple_entry_enclosed_plants,
          serial_glass, glass_columns_c, glass_columns_b
D:8:      trog_ov_bears_minmay, erik_lair_orcish_takeover, enter_bailey_2,
          grunt_ministairs_7, uniq_erica
D:9:      david_orc_2, uniq_grum
D:10:     serial_shops, nicolae_shop_waterfront, hangedman_stone_soup,
          elyvilon_altar_1
D:11:     minivault_16, small_statue_alley_a, corexii_hall_statues_deadend,
          grunt_pakellas_basics
D:12:     serial_shops, kennysheep_mini_moat,
          nicolae_shop_competitors_out_of_business, shop, minivault_26,
          uniq_psyche, uniq_nergalle
D:13:     serial_shops, nicolae_shop_behind_doors, shop, nicolae_shop_stone,
          nicolae_shop_stone, basic_altar, uniq_kirke, uniq_erolcha
Temple:   temple_island_7
Ossuary:  minmay_ossuary_gauntlet
Bailey:   bailey_axe_bossmonster_kennysheep, bailey

Skill      XL: |  1  2  3  4  5  6  7  8  9 10 11 12 |
---------------+-------------------------------------+-----
Conjurations   | 1 2 3 4 5 6 8 9 10 | 10.6
Fighting       | 1 2 3 4 5 7 |  7.2
Spellcasting   | 2 3 4 5 6 8 9 |  9.0
Dodging        | 2 3 4 5 6 7 8 |  8.7
Crossbows      | 2 |  2.1
Armour         | 1 3 4 |  4.4
Stealth        | |  1.2
Air Magic      | |  2.6

Action                   |  1- 3 |  4- 6 |  7- 9 | 10-12 || total
-------------------------+-------+-------+-------+-------++-------
Melee: Unarmed           |    25 |       |       |       ||    25
       Dagger            |    72 |   175 |   142 |    10 ||   399
       Mace              |       |    10 |     6 |    28 ||    44
       Hand axe          |       |       |   289 |    81 ||   370
       Short sword       |       |       |       |    21 ||    21
 Fire: Arbalest          |       |       |       |   118 ||   118
Throw: Tomahawk          |       |       |       |     3 ||     3
 Cast: Shock             |    55 |     7 |    86 |   263 ||   411
       Repel Missiles    |     2 |       |     3 |     1 ||     6
       Static Discharge  |       |       |    22 |   304 ||   326
       Fireball          |       |       |       |     4 ||     4
Invok: Call Merchant     |       |       |     1 |     1 ||     2
Evoke: Wand              |       |       |     3 |     4 ||     7
  Use: Scroll            |     2 |     3 |    10 |    17 ||    32
       Potion            |       |       |     4 |    20 ||    24
 Stab: Invisible         |       |       |       |     1 ||     1
  Eat: Chunk             |     4 |    19 |    10 |       ||    33
       Beef jerky        |       |       |     2 |     2 ||     4
       Pizza             |       |       |     1 |       ||     1
       Bread ration      |       |       |       |     7 ||     7
       Fruit             |       |       |       |     3 ||     3
       Royal jelly       |       |       |       |     2 ||     2
